 Dungeon Crawl Stone Soup version 0.32-a0-40-g2adb59a (webtiles) character file.

Game seed: 17968201072024010772

2230 Dorkslayer the Grappler (level 9, -1/80 (83) HPs)
             Began as a Troll Shapeshifter on Jan 24, 2024.
             Was a Follower of Okawaru.
             Slain by a wight
             ... wielding a +3 hand axe of freezing
              (4 damage)
             ... on level 7 of the Dungeon.
             The game lasted 00:15:50 (4555 turns).

Dorkslayer the Grappler (Troll Shapeshifter)        Turns: 4555, Time: 00:15:51

HP:   -1/80 (83)    AC:  6    Str: 24    XL:     9   Next: 14%
MP:   8/8           EV: 11    Int:  6    God:    Okawaru [*.....]
Gold: 315           SH:  0    Dex: 13    Spells: 8/8 levels left

rFire   + .          .
                       - Unarmed
rCold   . . .        (no shield)
rNeg    . . .        e - +2 robe {rF+}
rPois   .            (helmet currently unavailable)
rElec   .            (cloak currently unavailable)
rCorr   +            (gloves unavailable)
SInv    +            (boots unavailable)
Will    .....        (no amulet)
Stlth   +            k - ring of see invisible
HPRegen 1.13/turn    v - ring of resist corrosion
MPRegen 0.11/turn

%: no passive effects
@: beast-form, lightly drained
A: beast (slay +2), large, unfitting armour, claws 3, regeneration 1, shaggy fur
1, tough skin 1
a: Begin Untransformation, Renounce Religion, Heroism


You were on level 7 of the Dungeon.
You worshipped Okawaru.
Okawaru was aware of your devotion.
You were a hulking beast.
You visited 2 branches of the dungeon, and saw 8 of its levels.

You collected 351 gold pieces.
You spent 36 gold pieces at shops.

Inventory:

Hand Weapons
 i - a +1 hand axe of freezing
 l - a +0 mace
 o - a +2 trident of venom
Missiles
 a - 3 javelins
 q - 5 boomerangs (quivered)
Armour
 e - a +2 robe of fire resistance (worn)
 j - a +0 cloak of stealth
Jewellery
 f - a +6 ring of intelligence
 k - a ring of see invisible (left claw)
 v - a ring of resist corrosion (right claw)
Talismans
 c - a beast talisman
 d - a flux talisman
Wands
 m - a wand of flame (26)
 p - a wand of polymorph (10)
Scrolls
 h - 3 scrolls of fear
 r - a scroll of poison
 s - 3 scrolls of identify
 t - a scroll of amnesia
Potions
 b - 2 potions of lignification
 n - a potion of magic


   Skills:
 * Level 3.2 Fighting
 + Level 1.4 Polearms
 + Level 2.3 Throwing
 * Level 1.2 Armour
 * Level 4.7 Dodging
 + Level 0.5 Stealth
 * Level 8.6 Unarmed Combat
 * Level 1.2 Invocations
 * Level 0.9 Evocations
 * Level 4.3 Shapeshifting


You had 8 spell levels left.
You didn't know any spells.
Your spell library contained the following spells:

 Spells                   Type           Power      Damage    Failure   Level
 Jinxbite                 Hex            0%         N/A       58%         2
 Dazzling Flash           Conj/Hex       0%         N/A       83%         3
 Mephitic Cloud           Conj/Alch/Air  0%         N/A       83%         3
 Borgnjor's Vile Clutch   Necr/Erth      0%         N/A       100%        5
 Curse of Agony           Necr           0%         N/A       100%        5
 Silence                  Hex/Air        0%         N/A       100%        5
 Yara's Violent Unravell  Hex/Alch       0%         3d3       100%        5
 Enfeeble                 Hex            0%         N/A       100%        7
 Animate Dead             Necr           Unusable   N/A       N/A         4
 Death Channel            Necr           Unusable   N/A       N/A         6

Dungeon Overview and Level Annotations

Branches:
Dungeon (7/15)             Temple (1/1) D:6

Altars:
Ashenzari
Cheibriados
Dithmenos
Elyvilon
Fedhas
Kikubaaqudgha
Makhleb
Nemelex Xobeh
Okawaru
Qazlal
Sif Muna
Trog
Uskayaw
Vehumet
Wu Jian
Xom
Yredelemnul
Zin
The Shining One

Shops:
D:2 !


Innate Abilities, Weirdness & Mutations

You are a hulking beast.
Your limbs bulge with bestial killing power. (Slay +2)
You are too large for most types of armour.
You have claws for hands.
Your natural rate of healing is unusually fast.
You are covered in fur. (AC +1)
You have tough skin. (AC +1)


Message History

You claw the wight!
The wight is almost destroyed.
The wight completely misses you.
The wight hits you with a +3 hand axe of freezing!
The wight freezes you. The wight closely misses you.
You scratch the wight.
The wight is almost destroyed.
The wight barely misses you. The wight hits you with a +0 scimitar!
The wight hits you with a +3 hand axe of freezing.
The wight freezes you.
The wight hits you with a +4 long sword.
Unknown command.
You closely miss the wight.
The wight hits you from afar with a +0 spear.
You feel drained. The wight closely misses you. The wight barely misses you.
The wight completely misses you.
You closely miss the wight. You claw the wight!
The wight is heavily damaged.
You barely miss the wight.
The wight is heavily damaged.
The wight hits you from afar with a +0 spear.
* * * LOW HITPOINT WARNING * * *
The wight hits you but does no damage.
The wight hits you with a +3 hand axe of freezing!
* * * LOW HITPOINT WARNING * * *
The wight freezes you.
* * * LOW HITPOINT WARNING * * *
The wight closely misses you.
Okay, then.
Unknown command.
Okay, then.
Okay, then.
The wight attacks as it pursues you! The wight completely misses you.
The wight hits you with a +4 long sword!
* * * LOW HITPOINT WARNING * * *
You mangle the wight!!
You destroy the wight!
Okawaru accepts your kill.
The wight hits you with a +3 hand axe of freezing.
You die...

##################
#.....#...........
#.....#...........
#.....#...........
#z.>..#...........
#.zz..#......##...
#z#######....#####
#h)..######'###...
#......#.....#....
#......#.....#....
#......#.....#....
#......#.....#....
#......#.....#....
#......'.....##...
#....####....##...
###########'###...


You could see 3 wights.

Vanquished Creatures
  Grinder (D:5)
  A hornet (D:7)
  A water moccasin (D:7)
  An ice beast (D:3)
  3 ogres
  An orc warrior (D:5)
  A scorpion (D:7)
  4 bullfrogs
  A wight (D:7)
  2 electric eels (D:5)
  3 hounds
  4 jellies
  Crazy Yiuf (D:5)
  A gnoll bouda (D:7)
  2 orc priests
  3 iguanas
  9 orc wizards
  Ijyb (D:5)
  A statue (D:6)
  3 gnolls (D:7)
  7 adders
  2 shadow imps
  2 white imps (D:6)
  2 dart slugs
  3 ribbon worms
  23 orcs
  7 ball pythons
  4 bats
  10 endoplasms
  A giant cockroach (D:1)
  3 goblins
  6 hobgoblins
  2 jackals (D:2)
  2 kobolds
  5 quokkas
  A frilled lizard (D:2)
  A rat (D:3)
125 creatures vanquished.

Notes
Turn   | Place    | Note
-------+----------+-------------------------------------------
     0 | D:1      | Dorkslayer the Troll Shapeshifter began the quest for the
                  | Orb.
     0 | D:1      | Reached XP level 1. HP: 18/18 MP: 0/0
   259 | D:1      | Reached skill level 1 in Fighting
   322 | D:1      | Reached XP level 2. HP: 26/27 MP: 1/1
   459 | D:1      | Found a faded altar of an unknown god.
   908 | D:2      | Found Mesefaz's Distillery.
   912 | D:2      | Reached XP level 3. HP: 32/33 MP: 2/2
   919 | D:2      | Bought a potion of curing for 36 gold pieces
   984 | D:2      | Found a glowing silver altar of Zin.
  1047 | D:3      | Reached skill level 4 in Unarmed Combat
  1047 | D:3      | Reached XP level 4. HP: 18/41 MP: 3/3
  1133 | D:3      | Noticed an ice beast
  1145 | D:3      | Killed an ice beast
  1146 | D:3      | Reached skill level 5 in Unarmed Combat
  1146 | D:3      | Reached XP level 5. HP: 36/49 MP: 4/4
  1230 | D:3      | Found a broken altar of Ashenzari.
  1766 | D:4      | Noticed an ogre
  1772 | D:4      | Noticed an ogre
  1773 | D:4      | Killed an ogre
  1774 | D:4      | Reached XP level 6. HP: 57/57 MP: 5/5
  1784 | D:4      | Reached skill level 1 in Throwing
  2001 | D:4      | Reached skill level 6 in Unarmed Combat
  2236 | D:5      | Entered Level 5 of the Dungeon
  2314 | D:5      | Reached XP level 7. HP: 65/65 MP: 6/6
  2314 | D:5      | Noticed Grinder
  2325 | D:5      | Killed Grinder
  2473 | D:5      | Reached skill level 7 in Unarmed Combat
  2508 | D:5      | Found a transporter.
  2516 | D:5      | Found a transporter.
  2624 | D:5      | Reached XP level 8. HP: 25/74 MP: 7/7
  2787 | D:5      | Found a runed translucent door.
  2802 | D:5      | Noticed Crazy Yiuf
  2810 | D:5      | Killed Crazy Yiuf
  2881 | D:5      | Noticed Ijyb
  2894 | D:5      | Killed Ijyb
  2959 | D:5      | Reached skill level 1 in Polearms
  3245 | D:6      | Found a stormy altar of Qazlal.
  3245 | D:6      | Found a basalt altar of Yredelemnul.
  3246 | D:6      | Found a shadowy altar of Dithmenos.
  3272 | D:6      | Found a radiant altar of Vehumet.
  3355 | D:6      | Found a white marble altar of Elyvilon.
  3540 | D:6      | Found a staircase to the Ecumenical Temple.
  3547 | Temple   | Entered the Ecumenical Temple
  3584 | Temple   | Became a worshipper of Warmaster Okawaru
  3730 | D:6      | Reached skill level 8 in Unarmed Combat
  3957 | D:7      | Reached skill level 1 in Armour
  3973 | D:7      | Reached * piety under Okawaru
  4036 | D:7      | Reached skill level 1 in Invocations
  4047 | D:7      | Reached XP level 9. HP: 69/83 MP: 8/8
  4471 | D:7      | Paralysed by a hornet for 1 turns
  4554 | D:7      | HP: 3/80 [wight/+4 long sword (8)]
  4555 | D:7      | Slain by a wight

Illustrated notes

Levels and vault maps discovered:
D:1:      onia_arrival_mini_maze_b, layout_loops_ring,
          ebering_ecumenical_altar_webs, feat_on_display
D:2:      layout_basic, basic_altar, serial_shops, shop
D:3:      layout_basic, mainiacjoe_overflow_chevrons, minmay_misc_feat_cross
D:4:      layout_cave_pools
D:5:      gammafunk_steamed_eel, layout_basic, uniq_grinder,
          uniq_crazy_yiuf_cottage, uniq_ijyb
D:6:      layout_loops_ring, nicolae_overflow_quartered_altars, vehumet_statue,
          minmay_temple_entry_sparse_star
D:7:      layout_gridville, uniq_maggie
Temple:   oiseaux_autumnal_temple

Skill      XL: |  1  2  3  4  5  6  7  8 |
---------------+-------------------------+-----
Fighting       | 1 2 3 |  3.2
Dodging        | 2 3 4 |  4.7
Unarmed Combat | 4 5 6 7 8 |  8.6
Throwing       | 1 2 |  2.3
Polearms       | 1 |  1.4
Shapeshifting  | 4 |  4.3
Armour         | 1 |  1.2
Invocations    | 1 |  1.2
Stealth        | |  0.5
Evocations     | |  0.9

Action                     |  1- 3 |  4- 6 |  7- 9 || total
---------------------------+-------+-------+-------++-------
  Melee: Unarmed           |    69 |    99 |   132 ||   300
         Punch             |     1 |     3 |     6 ||    10
         Trident           |       |       |    20 ||    20
  Throw: Boomerang         |       |     8 |       ||     8
  Evoke: Wand              |       |       |     4 ||     4
    Use: Potion            |       |     1 |     6 ||     7
         Scroll            |       |    11 |     1 ||    12
   Stab: Sleeping          |       |       |     2 ||     2
 Armour: Animal skin       |    52 |    56 |    98 ||   206
         Robe              |       |       |    18 ||    18
  Dodge: Dodged            |    30 |    39 |    63 ||   132

Table legend: (Time is in decaauts)
 A = Elapsed time spent in this place.
 B = Non-inter-level travel time spent in this place.
 C = Inter-level travel time spent in this place.
 D = Time resting spent in this place.
 E = Time spent auto-exploring this place.
 F = Levels seen in this place.
 G = Mean time per level.
                   A        B        C        D        E       F      G
               +--------+--------+--------+--------+--------+-----+--------+
         Total |   4512 |   4512 |      0 |     79 |   2138 |   8 |  564.0 |
       Dungeon |   4438 |   4438 |      0 |     79 |   2138 |   7 |  634.0 |
        Temple |     74 |     74 |      0 |      0 |      0 |   1 |   74.0 |
               +--------+--------+--------+--------+--------+-----+--------+

Top non-repeatable levels by time:
     D:5: 931 daAuts
     D:3: 738 daAuts
     D:1: 728 daAuts
     D:7: 662 daAuts
     D:6: 622 daAuts
     D:4: 464 daAuts
     D:2: 290 daAuts
  Temple: 74 daAuts
